 Dungeon Crawl Stone Soup version 0.23-a0-586-gacb4b3f (webtiles) character file.

105 Firecrotchwizard the Sneak (level 4, -3/23 HPs)
             Began as a Vine Stalker Assassin on Dec 19, 2018.
             Killed by divine providence
             ... invoked by an orc priest
              (9 damage)
             ... on level 3 of the Dungeon.
             The game lasted 00:04:30 (2046 turns).

Firecrotchwizard the Sneak (Vine Stalker Assassin)  Turns: 2046, Time: 00:04:30

Health: -3/23      AC:  4    Str: 13    XL:     4   Next: 83%
Magic:  0/5        EV: 11    Int: 11    God:
Gold:   104        SH:  0    Dex: 17    Spells: 3/3 levels left

rFire    . . .     SeeInvis .   a - +2 dagger
rCold    . . .     Gourm    .   (no shield)
rNeg     . . .     Faith    .   t - +0 leather armour
rPois    +         Spirit   +   (no helmet)
rElec    .         Reflect  .   d - +0 cloak
rCorr    .         Harm     .   (no gloves)
MR       .....                  (no boots)
Stlth    +++.......             (no amulet)
HPRegen  0.47/turn              j - ring of poison resistance {rPois, !d}
MPRegen  0.09/turn              (no ring)

@: no status effects
A: fangs 2, regeneration 1, magic shield, antimagic bite, no potion heal 3, rot
immunity
a: no special abilities


You were on level 3 of the Dungeon.
You were not hungry.

You visited 1 branch of the dungeon, and saw 3 of its levels.

You collected 104 gold pieces.

Inventory:

Hand Weapons
 a - a +2 dagger (weapon)
 b - a +0 blowgun
 n - a +2 short sword of distortion {!w}
   (You took it off a kobold on level 1 of the Dungeon)
Missiles
 e - 42 poisoned needles
 f - 2 curare-tipped needles
 i - a throwing net {=f, !d}
Armour
 c - a +0 robe
 d - a +0 cloak (worn)
 t - a +0 leather armour (worn)
   (You found it on level 1 of the Dungeon)
Jewellery
 j - a ring of poison resistance (left hand) {rPois, !d}
   (You found it on level 1 of the Dungeon)
Wands
 w - a wand of flame (28)
   (You found it on level 3 of the Dungeon)
Scrolls
 l - 2 scrolls of teleportation {unknown}
 o - a scroll of fog {unknown}
 q - a scroll of immolation {unknown}
 u - a scroll of random uselessness {unknown}
Potions
 h - a potion of resistance {unknown}
 k - 2 potions of curing {unknown}
 m - a potion of agility {unknown}
 r - a potion of might {unknown}
 s - a potion of brilliance {unknown}
 v - a potion of mutation {unknown}
Comestibles
 g - 6 rations


   Skills:
 + Level 2.6 Fighting
 * Level 3.3 Short Blades
 - Level 1.7 Throwing
 - Level 0.7 Dodging
 + Level 5.6 Stealth


You had 3 spell levels left.
You didn't know any spells.
Your spell library was empty.

Dungeon Overview and Level Annotations

Branches:
Dungeon (3/15)

Altars:


Innate Abilities, Weirdness & Mutations

You have extremely sharp teeth.
Your natural rate of healing is unusually fast.
When hurt, damage is shared between your health and your magic reserves.
Your bite disrupts and absorbs the magic of your enemies.
Potions cannot restore your health.
You are immune to rotting.


Message History

Done exploring.
(D) Dungeon
Where to? (Enter - D:2, ? - help)
There is a stone staircase leading up here.
Some of the chunks of flesh in your inventory have rotted away.
There is a stone staircase leading down here.
You climb downwards.
A frilled lizard and an adder come into view.
Found four items.
Found a stone staircase leading up.
There is a stone staircase leading up here.
The helpless adder fails to defend itself.
You impale the adder!!
You kill the adder!
The frilled lizard hisses angrily.
The frilled lizard closely misses you.
You closely miss the frilled lizard. The frilled lizard barely misses you.
You barely miss the frilled lizard. You bite the frilled lizard.
You kill the frilled lizard!
No target in view!
You now have 93 gold pieces (gained 7).
You now have 104 gold pieces (gained 11).
You butcher the adder corpse.
p - 5 chunks of flesh {@w0} (gained 1)
You see here an adder skeleton. x2
v - a purple potion
Found a stone staircase leading down.
w - a wand of flame (28);
e - 42 poisoned needles (gained 9)
A worm comes into view. 2 adders come into view.
An ooze comes into view.
There is a stone staircase leading up here.
There is a stone staircase leading up here.
Some of the chunks of flesh in your inventory have rotted away.
You are feeling hungry.
You hit the worm. You bite the worm. You drain its power.
The worm closely misses you.
You hit the worm. You bite the worm, but do no damage. You hit the worm.
You bite the worm. You drain its power. The worm bites you.
You take 5 damage, and have 18/23 hp.
MASSIVE DAMAGE!!
You now have 4/5 mp.
You completely miss the worm. You hit the worm but do no damage.
The worm bites you.
You take 1 damage, and have 17/23 hp.
You hit the worm. You bite the worm. You drain its power.
You feel invigorated.
MP restored: 5 You barely miss the worm.
You bite the worm, but do no damage. The worm bites you.
You take 2 damage, and have 15/23 hp.
You hit the worm. You hit the worm. The worm completely misses you.
You hit the worm. You hit the worm.
You kill the worm!
No target in view!
You start resting.
Eating a chunk of flesh {@w0}.
You eat the chunk of flesh {@w0}.
Health restored: 23 An orc priest comes into view.
An orc priest is nearby!
An orc comes into view. It is wielding a +0 flail.
The orc priest shouts!
The orc shouts!
You hear a shout! x3
The orc priest begins to cast a cantrip, but forgets the words!
An orc priest comes into view.
It is wielding a -2 flail. 2 orcs come into view.
The orc shouts! x2
An ogre comes into view. It is wielding a +0 giant club.
You barely miss the orc priest. You bite the orc priest. You drain its power.
The orc priest completely misses you.
You closely miss the orc priest.
You bite the orc priest, but do no damage.
The orc priest mumbles some strange prayers to Beogh against you.
Beogh smites you!
You take 9 damage, and have 14/23 hp.
MASSIVE DAMAGE!!
You now have 4/5 mp.
You are too injured to fight recklessly!
You completely miss the orc priest. Your bite misses the orc priest.
A goblin comes into view. It is wielding a +0 dagger.
You barely miss the orc priest.
The goblin shouts!
You bite the orc priest. You drain its power.
You feel invigorated.
The orc priest miscasts a cantrip.
The orc closely misses you.
MP restored: 5 You hit the orc priest.
You bite the orc priest. You drain its power. The orc priest misses you.
You hit the orc priest. Your bite misses the orc priest.
The orc completely misses you.
The orc priest mumbles some strange prayers to Beogh against you.
Beogh smites you!
* * * LOW HITPOINT WARNING * * *
The orc barely misses you.
You take 10 damage, and have 5/23 hp.
MASSIVE DAMAGE!!
You now have 2/5 mp.
The orc hits you but does no damage.
The orc priest invokes the aid of Beogh against you.
Beogh smites you!
You die...

#.#..##..#.....#
................#
..........<#.##.#
#.........#.##.#
.####.......#รท....#
...##...........#.# #
#.........<...##
.#................#
.... ##...@........#
...g. #.o..........#
......#.o............#
....gOoo.............#
....$.o#....##...##...#
...(..#?.#########
##?.. ......#.## ##.
..... .. #.....##


You could see an ogre, 2 orc priests and 3 orcs.

Vanquished Creatures
  4 adders
  3 worms
  3 dart slugs
  3 leopard geckos
  5 bats
  7 goblins
  11 hobgoblins
  4 jackals (D:1)
  A ball python (D:1)
  4 frilled lizards
  4 kobolds
  2 rats (D:1)
51 creatures vanquished.

Notes
Turn   | Place    | Note
-------+----------+-------------------------------------------
     0 | D:1      | Firecrotchwizard the Vine Stalker Assassin began the quest
                  | for the Orb.
     0 | D:1      | Reached XP level 1. HP: 11/11 MP: 2/2
     0 | D:1      | meem: I am meem, an upgrade of beem built by MalcolmRose
                  | (check out Malcolm's DCSS vids and other projects at
                  | http://youtube.com/malcolmrosegaming). To have me follow
                  | you in your games, type !subscribemeem - to make me go away
                  | forever, type !quitmeem - For help, type: !meem
    73 | D:1      | Reached skill level 2 in Short Blades
    75 | D:1      | Reached skill level 5 in Stealth
    75 | D:1      | Reached XP level 2. HP: 9/15 MP: 1/3
    77 | D:1      | Reached skill level 2 in Fighting
   485 | D:1      | Reached XP level 3. HP: 4/18 MP: 0/4
   848 | D:1      | HP: 3/18 [kobold/+2 short sword of distortion (10)]
  1368 | D:2      | Reached skill level 3 in Short Blades
  1368 | D:2      | Gained mutation: Your natural rate of healing is unusually
                  | fast. [Vine Stalker growth]
  1368 | D:2      | Reached XP level 4. HP: 11/23 MP: 3/5
  2037 | D:3      | Noticed an ogre
  2043 | D:3      | HP: 5/23 [orc priest/divine providence (11)]
  2046 | D:3      | Killed from afar by an orc priest

Vault maps used:
D:1:      dpeg_arrival_shrine
D:2:      minmay_split_cup_large
D:3:      cheibrodos_fertilizer, general_overflow_altar, grunt_qazlal_sundering

Skill      XL: |  1  2  3 |
---------------+----------+-----
Short Blades   | 2 3 |  3.3
Stealth        | 5 |  5.6
Fighting       | 2 |  2.6
Throwing       | |  1.7
Dodging        | |  0.7

Action                   |  1- 3 |  4- 6 || total
-------------------------+-------+-------++-------
Melee: Dagger            |   111 |    61 ||   172
       Bite              |    22 |    20 ||    42
 Stab: Sleeping          |     5 |     4 ||     9
       Distracted        |     1 |       ||     1
  Eat: Chunk             |     1 |     3 ||     4
Armor: Robe              |    22 |       ||    22
       Leather armour    |       |     5 ||     5
Dodge: Dodged            |    54 |    33 ||    87

Table legend:
 A = Non-vault XP
 B = Vault XP
 C = Vault XP percentage of total XP
 D = Non-vault monster count
 E = Vault monster count
 F = Vault count percentage of total count
                 A         B        C        D         E       F
            +---------+---------+-------+---------+---------+-------
      Total |     145 |       6 |   4.0 |      47 |       4 |   7.8
            +---------+---------+-------+---------+---------+-------
        D:1 |      47 |       0 |   0.0 |      25 |       0 |   0.0
        D:2 |      79 |       6 |   7.1 |      19 |       4 |  17.4
        D:3 |      19 |       0 |   0.0 |       3 |       0 |   0.0
            +---------+---------+-------+---------+---------+-------

Vault maps used:
D:1:      dpeg_arrival_shrine
D:2:      minmay_split_cup_large
D:3:      cheibrodos_fertilizer, general_overflow_altar, grunt_qazlal_sundering

Table legend:
 A = Turns spent in this place as a percentage of turns spent in the entire game.
 B = Non-inter-level travel turns spent in this place as a percentage of non-inter-level travel turns spent in the entire game.
 C = Inter-level travel turns spent in this place as a percentage of turns spent in this place.
 D = Turns resting spent in this place as a percentage of non-inter-level travel turns spent in this place.
 E = Turns spent auto-exploring this place as a percentage of non-inter-level travel turns spent in this place.
 F = Non-inter-level travel turns spent in this place divided by the number of levels of this place that you've seen.
                   A       B       C       D       E      F
               +-------+-------+-------+-------+-------+----------------------
         Total | 100.0 | 100.0 |   5.1 |  40.6 |  33.1 | 647.0
       Dungeon | 100.0 | 100.0 |   5.1 |  40.6 |  33.1 | 647.0
               +-------+-------+-------+-------+-------+----------------------

Table legend:
 A = Kills in this place as a percentage of kills in entire the game.
 B = Kills by you in this place as a percentage of kills by you in the entire game.
 C = Kills by friends in this place as a percentage of kills by friends in the entire game.
 D = Other kills in this place as a percentage of other kills in the entire game.
 E = Experience gained in this place as a percentage of experience gained in the entire game.
 F = Experience gained in this place divided by the number of levels of this place that you have seen.
                   A       B       C       D       E      F
               +-------+-------+-------+-------+-------+----------------------
         Total | 100.0 | 100.0 |   N/A |   N/A | 100.0 |  50.3
       Dungeon | 100.0 | 100.0 |   N/A |   N/A | 100.0 |  50.3
               +-------+-------+-------+-------+-------+----------------------
